 Dungeon Crawl Stone Soup version 0.29-a0-356-g7bc237e783 (webtiles) character file.

Game seed: 8277263435633820903

4 spaghetti the Nimble (level 1, -1/19 HPs)
             Began as a Gnoll Wanderer on Apr 26, 2022.
             Frozen to death by an endoplasm (5 damage)
             ... on level 1 of the Dungeon.
             The game lasted 00:00:34 (362 turns).

spaghetti the Nimble (Gnoll Wanderer)                Turns: 362, Time: 00:00:34

Health: -1/19      AC: 20    Str: 12    XL:     1   Next: 70%
Magic:  2/2        EV:  2    Int:  7    God:
Gold:   12         SH:  0    Dex: 14    Spells: 0/0 levels left

rFire   . . .      SeeInvis .     - Unarmed
rCold   . . .      Faith    .   (no shield)
rNeg    . . .      Spirit   .   (body armour currently unavailable)
rPois   +          Reflect  .   (helmet currently unavailable)
rElec   .          Harm     .   (cloak currently unavailable)
rCorr   .          Rampage  .   (gloves currently unavailable)
Will    .....      NoTele   +   (boots currently unavailable)
Stlth   +.........              (no amulet)
HPRegen 0.06/turn               (no ring)
MPRegen 0.08/turn               (no ring)

@: tree-form
A: stationary, stasis, torment immunity, boosted hp, (fangs 1), strong nose,
distributed training
a: no special abilities


You were on level 1 of the Dungeon.
You were a tree.
You visited 1 branch of the dungeon, and saw 1 of its levels.

You collected 12 gold pieces.


Innate Abilities, Weirdness & Mutations

You are a tree.
Your roots penetrate the ground, keeping you stationary.
You cannot be teleported.
You are immune to unholy pain and torment.
Your maximum health is greatly increased.
Your equipment is partially melded.
((You have very sharp teeth.))
Your uncanny sense of smell can sniff out nearby items.
Your experience applies equally to all skills.


   Skills:
 + Level 0.1 Fighting
 + Level 0.1 Short Blades
 + Level 0.1 Long Blades
 + Level 0.1 Axes
 + Level 0.1 Maces & Flails
 + Level 0.1 Polearms
 + Level 0.1 Staves
 + Level 0.1 Slings
 + Level 0.1 Bows
 + Level 0.1 Crossbows
 + Level 0.1 Throwing
 + Level 0.1 Armour
 + Level 10.4 Dodging
 + Level 0.1 Stealth
 + Level 0.1 Shields
 + Level 4.4 Unarmed Combat
 + Level 0.1 Spellcasting
 + Level 0.1 Conjurations
 + Level 0.1 Hexes
 + Level 0.1 Summonings
 + Level 0.1 Necromancy
 + Level 0.1 Translocations
 + Level 0.1 Transmutations
 + Level 0.1 Fire Magic
 + Level 0.1 Ice Magic
 + Level 0.1 Air Magic
 + Level 0.1 Earth Magic
 + Level 0.1 Poison Magic
 + Level 2.4 Invocations
 + Level 4.4 Evocations


You couldn't memorise any spells.
You didn't know any spells.
Your spell library contained the following spells:

 Spells                   Type           Power      Damage    Failure   Level
 Magic Dart               Conj           0%         1d3       41%         1
 Call Imp                 Summ           0%         N/A       56%         2
 Mephitic Cloud           Conj/Pois/Air  0%         N/A       80%         3

Inventory:

Hand Weapons
 a - a +0 dagger {short}
Missiles
 b - 4 throwing nets (quivered) {=f!fthrowing}
 h - 25 stones {throwing}
Armour
 f - a +0 leather armour (melded)
Scrolls
 c - a scroll of fog
 d - a scroll of teleportation {@r4}
 j - a scroll of acquirement {unknown}
Potions
 e - a potion of invisibility
 g - a potion of lignification {!q}
 i - a potion of heal wounds {unknown}

Dungeon Overview and Level Annotations

Branches:
Dungeon (1/15)

Altars:

Shops:
D:1

= .# #.#.#.#.# ####.#
#.#.#.#..
#....#.##.#.#.#.#
########....#.##.#.#.#..
...........##.##........
............#.####.#.#..
..∩.........#.####.#.#.#
............#.#....#.#.#
.......♣###.#.#.####.#..
......Jg# #.#.#.####.###
..$.....# #.#......#....
.....|..# #.####...#####
........# #.............
........# ######...#####
######### ###..# ##.## #
##########..#


You could see an endoplasm and a goblin.


Message History

😕 HP[-1]
You take 1 damage, and now have 12/13 hp.
You barely miss the endoplasm. The bat barely misses you.
The endoplasm freezes you.
You are frozen. 😕 HP[-2]
You take 2 damage, and now have 10/13 hp.
You hit the endoplasm.
You kill the endoplasm!
The bat closely misses you. The bat completely misses you.
The bat hits you but does no damage. The bat closely misses you.
You closely miss the bat. The bat misses you.
You miss the bat. You bite the bat. The bat misses you.
The bat barely misses you. The bat barely misses you.
You barely miss the bat. You punch the bat.
You kill the bat!
You see here a bat corpse.
j - a scroll labelled PYSUXEAJAA 😎 HP[+3]
Your hp is fully restored (13).
A hobgoblin comes into view.
A hobgoblin is nearby!
A hobgoblin is nearby!
The hobgoblin shouts!
You hit the hobgoblin. The hobgoblin hits you. 😕 HP[-3]
You take 3 damage, and now have 10/13 hp.
MASSIVE DAMAGE!! (PAUSE)
You punch the hobgoblin!
You kill the hobgoblin!
You see here a hobgoblin corpse.
Key pressed, stopping explore.
You see here a hobgoblin corpse.
There is a fountain of clear blue water here.
Key pressed, stopping explore.
You pick up a book of Minor Magic and begin reading...
You add the spells Magic Dart, Call Imp and Mephitic Cloud to your library. 😎 HP[+3]
Your hp is fully restored (13).
Okay, then.
A bat comes into view.
The bat hits you but does no damage.
A bat is nearby!
A bat is nearby!
You closely miss the bat. The bat completely misses you. x2
You hit the bat.
You kill the bat!
No target in view!
No target in view!
No target in view!
No target in view!
No target in view!
No target in view!
No target in view!
No target in view!
No target in view!
No target in view!
A goblin comes into view. It is wielding a +0 dagger.
A goblin is nearby!
A goblin is nearby!
A goblin is nearby!
Found 3 gold pieces.
Found Munemidu's Jewellery Shop.
The goblin shouts!
An endoplasm comes into view.
The goblin hits you with a +0 dagger. 😕 HP[-3]
You take 3 damage, and now have 10/13 hp.
MASSIVE DAMAGE!! (PAUSE)
You closely miss the goblin.
The endoplasm quivers.
The goblin hits you but does no damage.
You barely miss the goblin. The goblin hits you but does no damage.
You closely miss the goblin. The goblin closely misses you.
You closely miss the goblin. Your punch misses the goblin.
The goblin barely misses you.
You barely miss the goblin. The goblin barely misses you.
You completely miss the goblin. You completely miss the goblin.
Your bite misses the goblin. The goblin barely misses you.
You closely miss the goblin. The endoplasm hits you.
The goblin barely misses you. 😮 HP[-1]
You take 1 damage, and now have 9/13 hp.
You hit the goblin. The endoplasm freezes you.
You are frozen.
* * * LOW HITPOINT WARNING * * *
The goblin hits you with a +0 dagger.
* * * LOW HITPOINT WARNING * * *
😱 HP[-6]
You take 6 damage, and now have 3/13 hp.
MASSIVE DAMAGE!! (PAUSE) It was a potion of lignification.
You turn into a tree.
Your +0 leather armour melds into your body.
Your roots penetrate the ground.
The goblin hits you but does no damage. The endoplasm freezes you.
You are frozen.
You die...

Skill      XL: | |
---------------+-+-----
Dodging        | | 10.4
Fighting       | |  0.1
Short Blades   | |  0.1
Long Blades    | |  0.1
Axes           | |  0.1
Maces & Flails | |  0.1
Polearms       | |  0.1
Staves         | |  0.1
Slings         | |  0.1
Bows           | |  0.1
Crossbows      | |  0.1
Throwing       | |  0.1
Armour         | |  0.1
Stealth        | |  0.1
Shields        | |  0.1
Unarmed Combat | |  4.4
Spellcasting   | |  0.1
Conjurations   | |  0.1
Hexes          | |  0.1
Summonings     | |  0.1
Necromancy     | |  0.1
Translocations | |  0.1
Transmutations | |  0.1
Fire Magic     | |  0.1
Ice Magic      | |  0.1
Air Magic      | |  0.1
Earth Magic    | |  0.1
Poison Magic   | |  0.1
Invocations    | |  2.4
Evocations     | |  4.4

Action                   || total
-------------------------++-------
Melee: Unarmed           ||    19
       Punch             ||     1
       Bite              ||     1
  Use: Potion            ||     1
Armor: Leather armour    ||     4
       Skin              ||     1
Dodge: Dodged            ||    15

Levels and vault maps discovered:
D:1:      dpeg_arrival_leaves_temple_mockup, layout_basic, serial_shops, shop,
          basic_ecumenical_altar, nrook_campfire, hangedman_feature_mirror

Notes
Turn   | Place    | Note
-------+----------+-------------------------------------------
     0 | D:1      | Reached skill level 10 in Dodging
     0 | D:1      | spaghetti the Gnoll Wanderer began the quest for the Orb.
     0 | D:1      | spaghetti set off with the following items: a +0 dagger
                  | {short}, 4 throwing nets {=f!fthrowing}, a scroll of fog, a
                  | scroll of teleportation {@r4}, a potion of invisibility, a
                  | +0 leather armour
     0 | D:1      | Reached XP level 1. HP: 13/13 MP: 2/2
     0 | D:1      | magus.rc [v1.9.6]
   321 | D:1      | You pick up a book of Minor Magic and begin reading...
   321 | D:1      | You add the spells Magic Dart, Call Imp and Mephitic Cloud
                  | to your library.
   349 | D:1      | Found Munemidu's Jewellery Shop.
   361 | D:1      | HP: 3/13 [goblin/+0 dagger (1)]
   362 | D:1      | Frozen to death by an endoplasm

Vanquished Creatures
  2 bats (D:1)
  An endoplasm (D:1)
  A hobgoblin (D:1)
4 creatures vanquished.

Table legend:
 A = Non-vault XP
 B = Vault XP
 C = Vault XP percentage of total XP
 D = Non-vault monster count
 E = Vault monster count
 F = Vault count percentage of total count
                 A         B        C        D         E       F
            +---------+---------+-------+---------+---------+-------
      Total |       7 |       0 |   0.0 |       4 |       0 |   0.0
            +---------+---------+-------+---------+---------+-------
        D:1 |       7 |       0 |   0.0 |       4 |       0 |   0.0
            +---------+---------+-------+---------+---------+-------

Illustrated notes

Table legend:
 A = Kills in this place as a percentage of kills in entire the game.
 B = Kills by you in this place as a percentage of kills by you in the entire game.
 C = Kills by friends in this place as a percentage of kills by friends in the entire game.
 D = Other kills in this place as a percentage of other kills in the entire game.
 E = Experience gained in this place as a percentage of experience gained in the entire game.
 F = Experience gained in this place divided by the number of levels of this place that you have seen.
                   A       B       C       D       E      F
               +-------+-------+-------+-------+-------+----------------------
         Total | 100.0 | 100.0 |   N/A |   N/A | 100.0 |   7.0
       Dungeon | 100.0 | 100.0 |   N/A |   N/A | 100.0 |   7.0
               +-------+-------+-------+-------+-------+----------------------

Table legend: (Time is in decaauts)
 A = Elapsed time spent in this place.
 B = Non-inter-level travel time spent in this place.
 C = Inter-level travel time spent in this place.
 D = Time resting spent in this place.
 E = Time spent auto-exploring this place.
 F = Levels seen in this place.
 G = Mean time per level.
                   A        B        C        D        E       F      G
               +--------+--------+--------+--------+--------+-----+--------+
         Total |    359 |    359 |      0 |      0 |    323 |   1 |  359.0 |
       Dungeon |    359 |    359 |      0 |      0 |    323 |   1 |  359.0 |
               +--------+--------+--------+--------+--------+-----+--------+

Top non-repeatable levels by time:
     D:1: 359 daAuts
